 Dungeon Crawl Stone Soup version 0.24-a0-530-g18ba70b5 (webtiles) character file.

Game seed: 12931500460760173517

33 sl00ts the Stinger (level 3, -1/25 HPs)
             Began as a Formicid Venom Mage on Aug 8, 2019.
             Slain by an adder (4 damage)
             ... on level 3 of the Dungeon.
             The game lasted 00:03:33 (1288 turns).

sl00ts the Stinger (Formicid Venom Mage)            Turns: 1288, Time: 00:03:33

Health: -1/25      AC:  2    Str: 12    XL:     3   Next: 47%
Magic:  6/7        EV: 12    Int: 15    God:
Gold:   117        SH:  0    Dex: 11    Spells: 6/7 levels left

rFire    . . .     SeeInvis +   j - +0 battleaxe
rCold    . . .     Gourm    .   (no shield)
rNeg     . . .     Faith    .   a - +0 robe
rPois    .         Spirit   .   (helmet unavailable)
rElec    .         Reflect  .   (no cloak)
rCorr    .         Harm     .   (no gloves)
MR       .....                  (no boots)
Stlth    ++........             (no amulet)
HPRegen  0.08/turn              (no ring)
MPRegen  0.10/turn              (no ring)

@: no status effects
A: permanent stasis, dig shafts and tunnels, four strong arms, antennae 3
a: Dig, Shaft Self


You were on level 3 of the Dungeon.
You were very hungry.

You visited 1 branch of the dungeon, and saw 3 of its levels.

You collected 117 gold pieces.

Inventory:

Hand Weapons
 b - a +0 short sword
 j - a +0 battleaxe (weapon)
Armour
 a - a +0 robe (worn)
Jewellery
 d - a cursed ring of attention {unknown}
 n - an uncursed ring of poison resistance {unknown}
Scrolls
 e - a scroll of fear {unknown}
 f - a scroll of teleportation {unknown}
 g - a scroll of identify {unknown}
 i - a scroll of amnesia {unknown}
 l - a scroll of enchant weapon {unknown}
 p - a scroll of immolation {unknown}
Potions
 k - a potion of lignification {unknown}
 m - a potion of degeneration {unknown}
 o - a potion of heal wounds {unknown}
Comestibles
 c - 4 rations


   Skills:
 + Level 0.5 Fighting
 + Level 0.4 Axes
 - Level 1.7 Dodging
 - Level 2.4 Stealth
 * Level 2.9 Spellcasting
 + Level 1.4 Conjurations
 + Level 4.4 Poison Magic


You had 6 spell levels left.
You knew the following spells:

 Your Spells              Type           Power        Failure   Level  Hunger
a - Sting                 Conj/Pois      ##..         6%          1    #......

Your spell library contained the following spells:

 Spells                   Type           Power        Failure   Level  Hunger
 Poisonous Vapours        Pois/Air       #.....       12%         2    ##.....
 Mephitic Cloud           Conj/Pois/Air  #.......     26%         3    ###....
 Olgreb's Toxic Radiance  Pois           ###.....     32%         4    #####..
 Venom Bolt               Conj/Pois      ##........   86%         5    ######.


Dungeon Overview and Level Annotations

Branches:
Dungeon (3/15)

Altars:


Innate Abilities, Weirdness & Mutations

You cannot be hasted, slowed, berserked, paralysed or teleported.
You can dig through walls and to a lower floor.
Your four strong arms can wield two-handed weapons with a shield.
You have a pair of large antennae on your head. (SInv)


Message History

The orc wizard looks more healthy.
The orc wizard misses you. The orc hits you with a +0 club.
The orc barely misses you.
The orc wizard casts a spell.
The orc wizard flickers and vanishes for a moment.
You barely miss the orc. You slash the orc!
You kill the orc!
You barely miss the orc wizard.
A jackal comes into view.
The orc hits you with a +0 club. The adder barely misses you.
The orc wizard casts a spell at you. The puff of flame hits you.
The orc hits you with a +0 club.
* * * LOW HITPOINT WARNING * * *
The adder closely misses you.
The orc wizard hits you with a +0 dagger.
* * * LOW HITPOINT WARNING * * *
The adder bites you.
* * * LOW HITPOINT WARNING * * *
There is a stone staircase leading up here.
The adder bites you.
You die...

##### #...# #<#.#
#.#.# #
#@#{###.#h.
#.####S#o.......
.......K.{o......
........#######.#
#########


You could see an adder and a kobold.

Vanquished Creatures
  An adder (D:2)
  A dart slug (D:2)
  An orc (D:3)
  3 goblins
  4 hobgoblins
  2 bats
  2 frilled lizards
  5 kobolds
  A rat (D:1)
20 creatures vanquished.

Notes
Turn   | Place    | Note
-------+----------+-------------------------------------------
     0 | D:1      | sl00ts the Formicid Venom Mage began the quest for the Orb.
     0 | D:1      | Reached XP level 1. HP: 13/13 MP: 3/3
    39 | D:1      | Reached skill level 1 in Conjurations
   162 | D:1      | Reached XP level 2. HP: 18/19 MP: 0/5
  1022 | D:2      | Reached XP level 3. HP: 24/24 MP: 4/7
  1288 | D:3      | Slain by an adder

Levels and vault maps discovered:
D:1:      scummos_arrival_forest, layout_rooms
D:2:      layout_rooms, chequers_serial_rivers_room_b, minmay_misc_feat_rows
D:3:      layout_loops_ring, first_ration,
          chequers_ecumenical_altar_simple_redux

Skill      XL: |  1 |
---------------+----+-----
Conjurations   | 1 |  1.4
Fighting       | |  0.5
Axes           | |  0.4
Dodging        | |  1.7
Stealth        | |  2.4
Spellcasting   | |  2.9
Poison Magic   | |  4.4

Action                   || total
-------------------------++-------
Melee: Unarmed           ||     8
       Short sword       ||    12
       Battleaxe         ||    17
 Cast: Sting             ||    19
  Use: Scroll            ||     1
 Stab: Sleeping          ||     2
Armor: Robe              ||    11
Dodge: Dodged            ||    32

Table legend:
 A = Non-vault XP
 B = Vault XP
 C = Vault XP percentage of total XP
 D = Non-vault monster count
 E = Vault monster count
 F = Vault count percentage of total count
                 A         B        C        D         E       F
            +---------+---------+-------+---------+---------+-------
      Total |      48 |       0 |   0.0 |      20 |       0 |   0.0
            +---------+---------+-------+---------+---------+-------
        D:1 |      16 |       0 |   0.0 |      10 |       0 |   0.0
        D:2 |      29 |       0 |   0.0 |       9 |       0 |   0.0
        D:3 |       3 |       0 |   0.0 |       1 |       0 |   0.0
            +---------+---------+-------+---------+---------+-------
